 Dungeon Crawl Stone Soup version 0.31-a0-182-gc5ef74bbde (webtiles) character file.

Game seed: 8363690219123215163

357 qw the Chopper (level 6, -2/38 HPs)
             Began as a Gargoyle Fighter on June 20, 2023.
             Killed from afar by an orc wizard (7 damage)
             ... with a magic dart
             ... on level 5 of the Dungeon.
             The game lasted 00:01:24 (2800 turns).

qw the Chopper (Gargoyle Fighter)                   Turns: 2800, Time: 00:01:25

Health: -2/38      AC: 17    Str: 21    XL:     6   Next: 64%
Magic:  6/6        EV:  7    Int:  9    God:
Gold:   391        SH:  0    Dex:  9    Spells: 5/5 levels left

rFire   . . .        Y - +0 war axe
rCold   . . .        c - +0 buckler
rNeg    + . .        a - +0 chain mail
rPois   inf          (no helmet)
rElec   +            (no cloak)
rCorr   .            (no gloves)
SInv    .            (no boots)
Will    .....        (no amulet) Stlth
                     n - +4 ring of protection
HPRegen 0.26/turn    (no ring)
MPRegen 0.10/turn

%: no passive effects
@: confused
A: sickness immunity, AC +4, negative energy resistance 1, electricity
resistance, torment resistance 1, petrification resistance
a: no special abilities


You were on level 5 of the Dungeon.
You visited 1 branch of the dungeon, and saw 5 of its levels.

You collected 391 gold pieces.


Innate Abilities, Weirdness & Mutations

You are immune to sickness and miasma.
Your stone body is resilient. (AC +4)
You are immune to poison.
You resist negative energy. (rN+)
You are resistant to electric shocks. (rElec)
You are resistant to unholy torment.
You are immune to petrification.


   Skills:
 - Level 4.0 Fighting
 + Level 5.7 Axes
 - Level 1.3 Throwing
 - Level 3.2 Armour
 - Level 3.2 Shields


You had 5 spell levels left.
You didn't know any spells.
Your spell library was empty.

Inventory:

Hand Weapons
 b - a +0 flail
 Y - a +0 war axe (weapon)
Missiles
 e - 2 boomerangs (quivered)
Armour
 a - a +0 chain mail (worn)
 c - a +0 buckler (worn)
Jewellery
 g - an amulet of magic regeneration
 n - a +4 ring of protection (left hand)
Scrolls
 h - a scroll of enchant armour
 i - a scroll of identify
Potions
 d - a potion of might
 f - a potion of heal wounds {unknown}
 m - a potion of lignification

Dungeon Overview and Level Annotations

Branches:
Dungeon (5/15)
 Temple: D:4-7

Altars:
Nemelex Xobeh
Qazlal

Shops:
D:3 =


Message History

You completely miss something.
You feel less confused. Something hits you but does no damage.
You miss something. Something hits you. x2
You closely miss something.
You hear some strange, mumbled words.
Something tries to affect you, but you resist.
You closely miss something. Something hits you but does no damage.
You miss something.
You hear some strange, mumbled words.
A magic dart appears from out of thin air!
The magic dart hits you.
You slash something! Something hits you but does no damage.
You hit something.
Something hits you but does no damage. x2
You barely miss something. You block something's attack.
You miss something. Something hits you but does no damage.
You hit something but do no damage. Something hits you. x2
You hit something but do no damage. Something hits you but does no damage.
You barely miss something.
You hear some strange, mumbled words.
You are confused.
Something hits you but does no damage.
You completely miss something. Something hits you but does no damage.
You barely miss something.
You hear some strange, mumbled words.
You are more confused.
Something hits you but does no damage.
You hear some strange, mumbled words.
A magic dart appears from out of thin air!
The magic dart hits you!
You die...

######### #.....?.#
#.......# ##.......#
......)..# .........#
.........## #
#......)..## .#
#......)@(.#######.##
#.......{............
#......?......#..#.#
#........####....#.#
#........# #...<#[#
#........####.#....#
#.####.#...........#
# #.#........#.#####
#.#...............


There were no monsters in sight!

Vanquished Creatures
  A hound (D:4)
  2 jellies (D:5)
  An orc priest (D:5)
  2 orc wizards (D:5)
  5 gnolls
  6 adders
  2 worms (D:2)
  2 dart slugs
  An orc (D:4)
  9 ball pythons
  3 endoplasms
  3 giant cockroaches
  8 goblins
  9 hobgoblins
  4 jackals (D:3)
  6 kobolds
  4 quokkas
  A ball python zombie (D:2)
  6 bats
  2 frilled lizards
  A jackal zombie (D:2)
  5 rats
83 creatures vanquished.

Notes
Turn   | Place    | Note
-------+----------+-------------------------------------------
     0 | D:1      | qw the Gargoyle Fighter began the quest for the Orb.
     0 | D:1      | Reached XP level 1. HP: 14/14 MP: 1/1
     0 | D:1      | 0 ||| qw: Version: 0.3-a-9-g12657ce
     0 | D:1      | 0 ||| qw: Game counter: 1354
     0 | D:1      | 0 ||| qw: Always use a shield: true
     0 | D:1      | 0 ||| qw: God list: Okawaru
     0 | D:1      | 0 ||| qw: Allow faded altars: false
     0 | D:1      | 0 ||| qw: Do Orc after D:15 true
     0 | D:1      | 0 ||| qw: Do second Lair branch before Depths: true
     0 | D:1      | 0 ||| qw: Lair rune preference: random
     0 | D:1      | 0 ||| qw: Plans: Normal, Zot:1-4, Slime:5, God:TSO, Crypt,
                  | Tomb, Abyss, Pan, Hells, Win
     0 | D:1      | 0 ||| PLANNING D:1-11
    98 | D:1      | Reached skill level 2 in Axes
   161 | D:1      | Reached XP level 2. HP: 18/19 MP: 2/2
   186 | D:1      | 186 ||| Stepping ~*~*~tactically~*~*~ (hiding).
   262 | D:1      | Reached skill level 3 in Axes
   310 | D:1      | Reached XP level 3. HP: 23/23 MP: 3/3
   453 | D:1      | 453 ||| Stepping ~*~*~tactically~*~*~ (hiding).
   599 | D:1      | 599 ||| READING scroll labelled ARHITO LICSOF.
   600 | D:1      | 600 ||| READING scroll labelled REYBESO VEARE.
   601 | D:1      | 601 ||| READING scroll labelled YNGEIX WENY.
   606 | D:1      | 606 ||| READING scroll labelled DAZXIOGUFE.
   635 | D:2      | 635 ||| STAIRDANCE
   680 | D:2      | Found a stormy altar of Qazlal.
   818 | D:2      | Reached skill level 1 in Throwing
   818 | D:2      | Reached XP level 4. HP: 28/28 MP: 4/4
  1203 | D:3      | 1203 ||| DROPPING +0 club.
  1242 | D:3      | Reached skill level 4 in Axes
  1270 | D:3      | Found Sihoru Hiosm's Jewellery Boutique.
  1280 | D:3      | 1280 ||| SHOPLISTING +5 ring of evasion (432 gold, have
                  | 135).
  1280 | D:3      | 1280 ||| SHOPLISTING +6 ring of strength (432 gold, have
                  | 135).
  1280 | D:3      | 1280 ||| SHOPLISTING amulet of the acrobat (360 gold, have
                  | 135).
  1280 | D:3      | 1280 ||| SHOPLISTING ring of Wiboap {rC+ Int+6 Dex+6} (751
                  | gold, have 135).
  1407 | D:3      | Reached XP level 5. HP: 32/32 MP: 5/5
  1663 | D:3      | Found a sparkling altar of Nemelex Xobeh.
  1669 | D:3      | 1669 ||| UPGRADING to +0 chain mail.
  1679 | D:3      | 1679 ||| DROPPING +0 scale mail.
  1680 | D:3      | 1680 ||| UPGRADING to +4 ring of protection.
  1681 | D:3      | 1681 ||| READING scroll labelled VUROMO CADI.
  1682 | D:3      | 1682 ||| READING scroll labelled RODI VUEMYOVY.
  1683 | D:3      | 1683 ||| READING scroll labelled BEFURA TIJAAWN.
  1684 | D:3      | 1684 ||| READING 4 scrolls of identify.
  1684 | D:3      | 1684 ||| IDENTIFYING white potion
  1685 | D:3      | 1685 ||| READING 3 scrolls of identify.
  1685 | D:3      | 1685 ||| IDENTIFYING sedimented dark potion
  1686 | D:3      | 1686 ||| READING 2 scrolls of identify.
  1686 | D:3      | 1686 ||| IDENTIFYING glowing inky potion
  1687 | D:3      | 1687 ||| DROPPING potion of ambrosia.
  1688 | D:3      | 1688 ||| DROPPING potion of brilliance.
  1780 | D:4      | 1780 ||| DROPPING +0 whip.
  1959 | D:4      | Reached skill level 5 in Axes
  2049 | D:4      | 2049 ||| Stepping ~*~*~tactically~*~*~ (hiding).
  2195 | D:4      | 2195 ||| Stepping ~*~*~tactically~*~*~ (hiding).
  2199 | D:4      | 2199 ||| Stepping ~*~*~tactically~*~*~ (hiding).
  2694 | D:4      | 2694 ||| DROPPING ring of flight.
  2695 | D:4      | 2695 ||| READING scroll labelled IKEIBRADUIN.
  2741 | D:5      | Entered Level 5 of the Dungeon
  2744 | D:5      | Reached XP level 6. HP: 38/38 MP: 6/6
  2747 | D:5      | 2747 ||| Stepping ~*~*~tactically~*~*~ (stealth).
  2749 | D:5      | 2749 ||| Stepping ~*~*~tactically~*~*~ (stealth).
  2788 | D:5      | HP: 6/38 [something/magic dart (6)]
  2793 | D:5      | HP: 6/38 [something (2)]
  2800 | D:5      | Killed from afar by an orc wizard

Levels and vault maps discovered:
D:1:      amcnicky_arrival_wind_blow, layout_basic
D:2:      layout_rooms, serial_undead, serial_undead_e, serial_undead_a,
          serial_undead_e, serial_undead_e, serial_undead_d, basic_altar
D:3:      layout_rooms, nemelex_spade_bored_becter, serial_shops, shop
D:4:      nicolae_cairo_tiling_large_dashed, layout_loops_cross, serial_bayou,
          serial_bayou_pond_c, serial_bayou_pond_d, serial_bayou_crossing,
          minmay_goblin_kobold_house
D:5:      layout_basic

Skill      XL: |  1  2  3  4  5 |
---------------+----------------+-----
Axes           | 2 3 4 5 |  5.7
Throwing       | 1 |  1.3
Fighting       | 4 |  4.0
Armour         | |  3.2
Shields        | |  3.2

Action                     |  1- 3 |  4- 6 || total
---------------------------+-------+-------++-------
  Melee: War axe           |    69 |   128 ||   197
  Throw: Javelin           |    14 |    34 ||    48
         Boomerang         |       |     2 ||     2
    Use: Scroll            |     4 |     7 ||    11
 Armour: Scale mail        |    51 |    50 ||   101
         Chain mail        |       |    55 ||    55
  Dodge: Dodged            |    38 |    43 ||    81
  Block: Buckler           |    20 |    20 ||    40

Table legend:
 A = Non-vault XP
 B = Vault XP
 C = Vault XP percentage of total XP
 D = Non-vault monster count
 E = Vault monster count
 F = Vault count percentage of total count
                 A         B        C        D         E       F
            +---------+---------+-------+---------+---------+-------
      Total |     499 |      12 |   2.3 |      76 |       7 |   8.4
            +---------+---------+-------+---------+---------+-------
        D:1 |      55 |       0 |   0.0 |      17 |       0 |   0.0
        D:2 |      64 |       2 |   3.0 |      21 |       2 |   8.7
        D:3 |      54 |       0 |   0.0 |      19 |       0 |   0.0
        D:4 |     129 |      10 |   7.2 |      14 |       5 |  26.3
        D:5 |     197 |       0 |   0.0 |       5 |       0 |   0.0
            +---------+---------+-------+---------+---------+-------
